 Dungeon Crawl Stone Soup version 0.24.0-123-gd5b16e6ec5 (webtiles) character file.

Game seed: 16740157424684079545, levelgen mode: deterministic

10637 Chiseanne the Thaumaturge (level 11, -2/68 HPs)
             Began as a Demonspawn Wizard on Jan 22, 2020.
             Was a Priest of Vehumet.
             Slain by a freezing wraith (8 damage)
             ... led by a death knight
             ... on level 10 of the Dungeon.
             The game lasted 00:31:11 (13509 turns).

Chiseanne the Thaumaturge (Demonspawn Wizard)      Turns: 13509, Time: 00:31:12

Health: -2/68      AC:  9    Str: 13    XL:     11   Next: 38%
Magic:  0/35       EV: 12    Int: 24    God:    Vehumet [***...]
Gold:   509        SH:  0    Dex: 12    Spells: 13/33 levels left

rFire    . . .     SeeInvis .   a - +0 spear "Luomizu" {drain, Int+2 Stlth+}
rCold    + . .     Gourm    .   (no shield)
rNeg     . . .     Faith    .   g - +2 robe {Archmagi}
rPois    +         Spirit   +   K - +2 hat
rElec    .         Reflect  .   e - +2 cloak
rCorr    .         Harm     .   (no gloves)
MR       .....                  (no boots)
Stlth    +++.......             J - amulet "Dunejoox" {Spirit rPois}
HPRegen  0.21/turn              c - ring of magical power
MPRegen  0.48/turn              o - +5 ring of strength

@: slowed, very slow
A: antennae 1, cold resistance 1, magic shield, magic regeneration, freezing
cloud immunity, sturdy frame 1
a: Renounce Religion


You were on level 10 of the Dungeon.
You worshipped Vehumet.
Vehumet was most pleased with you.
You were near starving.

You visited 2 branches of the dungeon, and saw 12 of its levels.

You collected 509 gold pieces.

Inventory:

Hand Weapons
 a - the +0 spear "Luomizu" (weapon) {drain, Int+2 Stlth+}
   (You took it off an orc priest on level 4 of the Dungeon)

   A truly terrible weapon, it drains the life of those it strikes.
   It affects your intelligence (+2).
   It makes you more stealthy.
 s - a +3 long sword of electrocution
Missiles
 f - 52 sling bullets
 k - 240 stones (quivered)
 l - 130 arrows
 r - 106 bolts
 F - 6 boomerangs
 H - 17 poisoned darts
Armour
 e - a +2 cloak (worn)
 g - a +2 robe of the Archmagi (worn)
 A - a +0 shield
 K - a +2 hat (worn)
Jewellery
 c - a ring of magical power (left hand)
 n - an uncursed ring of positive energy
 o - a +5 ring of strength (right hand)
 y - an uncursed ring of flight {unknown}
 J - the amulet "Dunejoox" (around neck) {Spirit rPois}
   (You took it off an orc priest on level 8 of the Dungeon)

   [amulet of guardian spirit]

   It causes incoming damage to be split between your health and magic.
   It protects you from poison.
Wands
 p - a wand of paralysis (10)
 z - a wand of disintegration (8)
 M - a wand of flame (8)
Scrolls
 i - 2 scrolls of enchant armour
 t - a scroll of immolation
 v - 5 scrolls of teleportation
 x - a scroll of remove curse
 G - 2 scrolls of magic mapping
 I - a scroll of fear
Potions
 b - 4 potions of brilliance
 h - 5 potions of curing
 j - 2 potions of flight {unknown}
 m - 2 potions of haste
 q - 5 potions of heal wounds
 w - a potion of degeneration {unknown}
 B - 5 potions of lignification
 C - a potion of might {unknown}
 D - 3 potions of resistance
 E - 3 potions of agility
Comestibles
 d - 16 rations


   Skills:
 - Level 1.7 Dodging
 - Level 1.7 Stealth
 * Level 11.9 Spellcasting
 - Level 11.2 Conjurations
 - Level 1.0 Summonings
 - Level 0.8 Translocations
 * Level 5.4 Air Magic


You had 13 spell levels left.
You knew the following spells:

 Your Spells              Type           Power        Failure   Level  Hunger
a - Magic Dart            Conj           ####         1%          1    None
b - Throw Icicle          Conj/Ice       ######..     1%          4    None
c - Conjure Flame         Conj/Fire      ######..     1%          3    None
d - Mephitic Cloud        Conj/Pois/Air  ######..     1%          3    None
e - Dazzling Spray        Conj/Hex       ######       1%          3    None
f - Summon Lightning Spi  Summ/Air       #####...     12%         4    None
g - Blink                 Tloc           N/A          4%          2    None

Your spell library contained the following spells:

 Spells                   Type           Power        Failure   Level  Hunger
 Static Discharge         Conj/Air       ######..     1%          3    None
 Freeze                   Ice            ###.         1%          1    None
 Throw Frost              Conj/Ice       ######       1%          2    None
 Summon Small Mammal      Summ           ####         2%          1    None
 Inner Flame              Hex/Fire       ###.....     3%          3    None
 Corona                   Hex            ###....      4%          1    None
 Call Imp                 Summ           ####....     4%          2    None
 Ensorcelled Hibernation  Hex/Ice        ###...       7%          2    None
 Slow                     Hex            ###.....     7%          2    None
 Call Canine Familiar     Summ           ####....     9%          3    None
 Portal Projectile        Hex/Tloc       ###...       11%         3    None
 Summon Guardian Golem    Hex/Summ       ####....     11%         3    None
 Confuse                  Hex            ###.....     13%         3    None
 Ozocubu's Armour         Chrm/Ice       ###.....     13%         3    None
 Tukima's Dance           Hex            ###.....     13%         3    None
 Summon Ice Beast         Ice/Summ       ####....     34%         4    None
 Cause Fear               Hex            ###.......   41%         4    None
 Leda's Liquefaction      Hex/Erth       ###.......   41%         4    None


Dungeon Overview and Level Annotations

Branches:
Dungeon (11/15)            Temple (1/1) D:4            Lair (0/6) D:10
    Orc (0/2) D:9

Altars:
Ashenzari
Cheibriados
Dithmenos
Elyvilon
Fedhas
Gozag
Hepliaklqana
Kikubaaqudgha
Makhleb
Nemelex Xobeh
Okawaru
Qazlal
Ru
Sif Muna
Trog
Uskayaw
Vehumet
Wu Jian
Xom
Yredelemnul
Zin
The Shining One
Lugonu

Shops:
D:4 [   D:7 }

Annotations:
D:7 2 transporters, Kagalorn's ghost, novice HuAs
D:10 exclusion: downstairs


Innate Abilities, Weirdness & Mutations

You have a pair of small antennae on your head.
Your flesh is cold resistant. (rC+)
When hurt, damage is shared between your health and your magic reserves.
You regenerate magic rapidly.
You are immune to freezing clouds.
Your movements are slightly less encumbered by armour. (ER -2)


Message History

Aim: a freezing wraith (almost destroyed)
The burst of metal fragments hits the freezing wraith but does no damage. x4
The freezing wraith is almost destroyed.
The freezing wraith barely misses you. The freezing wraith hits you.
* * * LOW HITPOINT WARNING * * *
The freezing wraith drains your vigour!
You feel as though you will be slow longer.
The freezing wraith hits you but does no damage.
The freezing wraith closely misses you.
Evoke which item? (* to show all) (? for menu, Esc to quit)
Aiming: Scattershot
Press: ? - help, Shift-Dir - straight line, f/p - freezing wraith
Aim: a freezing wraith (almost destroyed)
The burst of metal fragments hits the freezing wraith but does no damage.
The burst of metal fragments hits the freezing wraith.
The freezing wraith is almost destroyed.
The now-empty wand crumbles to dust.
The freezing wraith hits you!
* * * LOW HITPOINT WARNING * * *
The freezing wraith freezes you! You resist.
You die...

...#####..........##..###........
....## ##.......####..##...##....
.....####...##..# ##...).###..##
.......#...###..## #....## #..#
...##.....## ##..# #...## #..#
...###..### #..####...# #..#
..####..## ##.......### ##..#
..###....# ##...###...###...##
..##.....# #.@### ###........#
.........## ##W## #..#####..
..........####..# #..# ###
...).##....##..## #.## #
....##..........########.# #
...###...................# #
..###.....###............########
.###..##### ##..########.........
.##.### #..# ##.........


You could see a freezing wraith.

Vanquished Creatures
  Gastronok (D:8)
  Nergalle (D:10)
  Maurice (D:7)
  Psyche (D:9)
  A troll (D:9)
  A hippogriff (D:8)
  Sigmund (D:3)
  8 yaks (D:10)
  A hungry ghost (D:9)
  4 porcupines (D:10)
  3 ice beasts
  4 orc warriors
  2 sky beasts
  5 phantoms
  4 black bears
  9 ogres
  4 centaurs
  6 big kobolds
  2 bullfrogs (D:10)
  3 gnoll sergeants (D:9)
  3 scorpions
  A wyvern skeleton (D:7)
  5 killer bees
  5 wights
  A bullfrog zombie (D:6)
  6 crimson imps
  A centaur zombie (D:10)
  A hound (D:10)
  9 orc priests
  3 jellies
  A bullfrog skeleton (D:8)
  2 centaur skeletons
  Terence (D:3)
  9 orc wizards
  8 worker ants
  A killer bee zombie (D:8)
  A hound zombie (D:5)
  A worker ant zombie (D:5)
  A howler monkey zombie (D:7)
  Robin (D:3)
  A howler monkey skeleton (D:5)
  15 adders
  8 gnolls
  3 shadow imps
  2 adder skeletons
  3 worms
  3 dart slugs
  6 leopard geckos
  35 orcs
  2 bat zombies (D:3)
  3 giant cockroaches
  16 goblins
  8 hobgoblins
  10 jackals
  14 kobolds
  6 quokkas
  A ball python (D:2)
  6 bats
  4 frilled lizards
  7 rats
  A rat zombie (D:3)
277 creatures vanquished.

Vanquished Creatures (others)
  41 fungi (D:10)
  15 plants (D:10)
56 creatures vanquished.

Grand Total: 333 creatures vanquished

Notes
Turn   | Place    | Note
-------+----------+-------------------------------------------
     0 | D:1      | Chiseanne the Demonspawn Wizard began the quest for the
                  | Orb.
     0 | D:1      | Reached XP level 1. HP: 13/13 MP: 4/4
    14 | D:1      | You fall into a shaft and drop 1 floor!
   227 | D:1      | Gained mutation: Your flesh is cold resistant. (rC+)
                  | [demonic ancestry]
   227 | D:1      | Reached XP level 2. HP: 19/19 MP: 4/6
  1327 | D:2      | Reached XP level 3. HP: 24/24 MP: 8/8
  1703 | D:2      | Found a glowing silver altar of Zin.
  1882 | D:2      | Found a shattered altar of Ashenzari.
  1941 | D:2      | Gained mutation: When hurt, damage is shared between your
                  | health and your magic reserves. [demonic ancestry]
  1941 | D:2      | Reached XP level 4. HP: 24/30 MP: 9/9
  2257 | D:3      | Noticed Sigmund
  2263 | D:2      | Learned a level 2 spell: Blink
  2267 | D:2      | Learned a level 3 spell: Conjure Flame
  2271 | D:2      | Learned a level 3 spell: Mephitic Cloud
  2300 | D:3      | Killed Sigmund
  2300 | D:3      | Gained mutation: Your movements are slightly less
                  | encumbered by armour. (ER -2) [demonic ancestry]
  2300 | D:3      | Reached XP level 5. HP: 35/35 MP: 12/12
  2383 | D:3      | Noticed Terence
  2453 | D:3      | Killed Terence
  2590 | D:3      | Identified the +1 helmet of Aqioschenui {rC- MR++ Int+4
                  | SInv}
  2590 | D:3      | Noticed Robin
  2613 | D:3      | Gained mutation: You have a pair of small antennae on your
                  | head. [demonic ancestry]
  2613 | D:3      | Reached XP level 6. HP: 34/41 MP: 13/13
  2876 | D:4      | Reached skill level 5 in Spellcasting
  3120 | D:4      | Found a sacrificial altar of Ru.
  3196 | D:3      | Killed Robin
  3870 | D:3      | Found an ancient bone altar of Kikubaaqudgha.
  3947 | D:3      | Found a shimmering blue altar of Sif Muna.
  4231 | D:4      | Reached skill level 5 in Conjurations
  4457 | D:4      | Identified the cursed +0 spear "Luomizu" {drain, Int+2
                  | Stlth+}
  4458 | D:4      | Found Worphug's Antique Armour Shoppe.
  4538 | D:4      | Gained mutation: You regenerate magic rapidly. [demonic
                  | ancestry]
  4538 | D:4      | Reached XP level 7. HP: 45/46 MP: 9/15
  4630 | D:4      | Found a staircase to the Ecumenical Temple.
  4648 | Temple   | Entered the Ecumenical Temple
  4712 | D:5      | Entered Level 5 of the Dungeon
  4725 | D:5      | Found a hide-covered altar of Uskayaw.
  5402 | D:5      | Reached XP level 8. HP: 49/52 MP: 18/18
  6959 | D:7      | Noticed Kagalorn's ghost (novice HuAs)
  6961 | D:7      | Noticed a troll
  6978 | D:7      | Found a transporter.
  6981 | D:7      | Found a transporter.
  6990 | D:7      | Found a basalt altar of Yredelemnul.
  6990 | D:7      | Found a stormy altar of Qazlal.
  6990 | D:7      | Found a shadowy altar of Dithmenos.
  6991 | D:7      | Found a glowing silver altar of Zin.
  7016 | D:7      | Found Sietesimu's Gadget Boutique.
  7568 | D:7      | Reached XP level 9. HP: 57/57 MP: 21/21
  7592 | D:7      | Found a radiant altar of Vehumet.
  7598 | D:7      | Became a worshipper of Vehumet
  7831 | D:7      | Found a sparkling altar of Nemelex Xobeh.
  8325 | D:8      | Noticed Gastronok
  9401 | D:8      | Reached * piety under Vehumet
  9401 | D:8      | Offered knowledge of Freeze by Vehumet.
  9462 | D:8      | Learned a level 3 spell: Dazzling Spray
  9507 | D:8      | Noticed Maurice
  9639 | D:7      | Killed Maurice
  9639 | D:7      | Reached skill level 10 in Conjurations
 10061 | D:8      | Reached XP level 10. HP: 57/63 MP: 23/23
 10108 | D:8      | Identified the amulet "Dunejoox" {Spirit rPois}
 10258 | D:8      | Reached skill level 10 in Spellcasting
 10314 | D:8      | Found a burning altar of Makhleb.
 10556 | D:8      | Killed Gastronok
 10632 | D:8      | Found a snail-covered altar of Cheibriados.
 11094 | D:9      | Learned a level 4 spell: Summon Lightning Spire
 11241 | D:9      | Reached skill level 1 in Air Magic
 11261 | D:9      | Found an iron altar of Okawaru.
 11314 | D:9      | Found a staircase to the Orcish Mines.
 11334 | D:9      | Reached ** piety under Vehumet
 11334 | D:9      | Offered knowledge of Shock by Vehumet.
 11640 | D:9      | Learned a level 4 spell: Throw Icicle
 11763 | D:9      | Found a glowing golden altar of the Shining One.
 11846 | D:9      | Noticed Psyche
 11852 | D:9      | Killed Psyche
 11852 | D:9      | Gained mutation: You are immune to freezing clouds.
                  | [demonic ancestry]
 11852 | D:9      | Reached XP level 11. HP: 68/68 MP: 15/26
 11985 | D:10     | Entered Level 10 of the Dungeon
 12196 | D:10     | Noticed Nergalle
 12202 | D:10     | Killed Nergalle
 12484 | D:10     | Offered knowledge of Static Discharge by Vehumet.
 12525 | D:10     | Found a staircase to the Lair.
 12557 | D:10     | Reached skill level 5 in Air Magic
 12585 | D:10     | Reached *** piety under Vehumet
 13479 | D:11     | Noticed a death knight
 13479 | D:11     | Noticed a phantasmal warrior
 13479 | D:11     | Noticed a phantasmal warrior
 13479 | D:11     | Noticed a skeletal warrior
 13509 | D:10     | Slain by a freezing wraith

Levels and vault maps discovered:
D:1:      lightli_iron_boxes, layout_loops_ring, serial_bayou,
          serial_bayou_pond_c, serial_bayou_shore_b, serial_bayou_crossing,
          serial_bayou_pond_d, moated_statue
D:2:      layout_loops_ring, lemuel_coloured_pillars_altar,
          lemuel_altar_in_water
D:3:      layout_basic, lemuel_blue_sif_altar,
          lemuel_zombie_altar_kikubaaqudgha, uniq_terence, uniq_robin,
          uniq_sigmund
D:4:      layout_loops_cross, minmay_temple_entry_offerings, serial_shops, shop,
          lemuel_altar_in_water2
D:5:      layout_loops_corners, kennysheep_mini_moat, first_ration,
          eino_tiny_chamber
D:6:      layout_rooms
D:7:      layout_loops_ring, lemuel_doored_altar,
          chequers_temple_overflow_statue_of_worship,
          nemelex_xobeh_ov_fountains_minmay, serial_shops, shop,
          gammafunk_ghost_arena
D:8:      layout_rooms, slow_altar_2, bloody_makhleb, serial_glass,
          glass_columns_c, glass_columns_c, glass_columns_b, glass_columns_c,
          glass_columns_a, glass_columns_c, glass_columns_a, glass_columns_c,
          glass_columns_c, glass_columns_b, minmay_strange_pillars,
          feat_on_display, uniq_gastronok, uniq_maurice
D:9:      layout_small_grid, kennysheep_okawaru_gauntlet, kennysheep_little_box,
          kennysheep_orc_monster_closet_entryway, uniq_psyche
D:10:     layout_layer_cave, due_lair_maze_entry_diamond, uniq_nergalle
D:11:     kennysheep_town, serial_shops, uniq_erolcha
Temple:   corrupted_temple

Skill      XL: |  1  2  3  4  5  6  7  8  9 10 11 |
---------------+----------------------------------+-----
Conjurations   | 2 4 5 6 8 10 11 | 11.2
Spellcasting   | 4 5 6 8 9 11 | 11.9
Air Magic      | 3 5 |  5.4
Dodging        | |  1.7
Stealth        | |  1.7
Summonings     | |  1.0
Translocations | |  0.8

Action                   |  1- 3 |  4- 6 |  7- 9 | 10-12 || total
-------------------------+-------+-------+-------+-------++-------
Melee: Hand axe          |     3 |       |       |       ||     3
       Quarterstaff      |     1 |    24 |       |       ||    25
       Spear             |       |       |    29 |    36 ||    65
       Long sword        |       |       |     5 |    16 ||    21
 Cast: Magic Dart        |    90 |   112 |   566 |   226 ||   994
       Mephitic Cloud    |       |     7 |    18 |    20 ||    45
       Blink             |       |     1 |     1 |       ||     2
       Conjure Flame     |       |     1 |       |     5 ||     6
       Throw Icicle      |       |       |       |    54 ||    54
Evoke: Wand              |       |     3 |       |     9 ||    12
  Use: Scroll            |       |     9 |     5 |     6 ||    20
       Potion            |       |       |     1 |     1 ||     2
 Stab: Paralysed         |       |     8 |       |       ||     8
       Confused          |       |     4 |     2 |     2 ||     8
  Eat: Chunk             |     3 |     8 |    14 |     9 ||    34
       Ration            |       |       |     1 |       ||     1
Armor: Robe              |     9 |    40 |    91 |    17 ||   157
Dodge: Dodged            |    26 |    61 |   178 |    57 ||   322
       Rpst.: Long sword |       |       |     1 |     3 ||     4
